cohdb
Replays
Latest Replays
All Replays
Popular Replays
Top Player Replays
Match Explorer
How It Works
Community
CoH3 Stats
Reddit
Sign in to upload your games and track your stats! →
Sign in with Steam
Match 41168934
Unlisted
Match 41168934
Overview
Messages
Build Orders
End
Construct Infanterie Kompanie
Selects Terror Battlegroup
Grenadier Squad
Grenadier Squad
Grenadier Squad
Construct Panzergrenadier Kompanie
Selects Interrogate
251 Medium Carrier
MG 42 Machine Gun Team
Panzergrenadier Squad
Selects Heavy Gunnery
Support Elements
Pioneer Squad
StuG III G Assault Gun
Panzergrenadier Squad
Pak 40 Anti-tank Gun Team
Selects Propaganda Leaflet Drop
Pak 40 Anti-tank Gun Team
Propaganda Leaflet Drop
Propaganda Leaflet Drop
Construct Panzer Kompanie
Propaganda Leaflet Drop
Panzer IV Medium Tank
Stoßtruppen Squad
Stoßtruppen Squad
Mr Freemon
_DarK_
Chris
小妖
kenleung
Makketsai
h4sjohnson
s9405167
0
0
Comments
sign in to comment!
No comments posted yet!